 Dungeon Crawl Stone Soup version 0.18-a0-1197-g8004e50 (webtiles) character file.

42 wargas the Skirmisher (level 3, 0/29 HPs)
             Began as a Human Fighter on Jan 30, 2016.
             Slain by an adder (2 damage)
             ... on level 2 of the Dungeon.
             The game lasted 00:28:29 (2473 turns).

wargas the Skirmisher (Human Fighter)               Turns: 2473, Time: 00:28:29

Health: 0/29       AC:  6    Str: 16    XL:     3   Next: 80%
Magic:  3/3        EV:  7    Int:  9    God:
Gold:   55         SH:  9    Dex: 12    Spells: 0 memorised, 2 levels left

rFire  . . .     SeeInvis .     a - +0 long sword
rCold  . . .     Gourm    .     b - +0 scale mail
rNeg   . . .     Faith    .     c - +0 shield
rPois  .         Spirit   .     (no helmet)
rElec  .         Dismiss  .     (no cloak)
rCorr  .         Reflect  .     (no gloves)
SustAt .         Harm     .     (no boots)
MR     .....                    (no amulet)
Stlth  ..........               (no ring)
                                (no ring)

@: lethally poisoned (0 -> -6), not resistant to hostile enchantments, extremely
unstealthy
A: no striking features
a: no special abilities


You were on level 2 of the Dungeon.
You were not hungry.

You visited 1 branch of the dungeon, and saw 2 of its levels.

You collected 55 gold pieces.

Inventory:

Hand Weapons
 a - a +0 long sword (weapon)
 e - a +0 spear
 k - a +0 hunting sling
Missiles
 d - a stone (quivered)
 g - 27 arrows
Armour
 b - a +0 scale mail (worn)
 c - a +0 shield (worn)
 q - a +0 scale mail
Scrolls
 j - a scroll of recharging {unknown}
 l - a scroll of random uselessness {unknown}
 p - a scroll of teleportation {unknown}
 r - a scroll of immolation {unknown}
Potions
 f - a potion of resistance {unknown}
 h - a potion of brilliance {unknown}
 i - a potion of heal wounds {unknown}
 n - a potion of might
 o - a potion of flight {unknown}
Comestibles
 m - 2 meat rations


   Skills:
 + Level 3.5 Fighting
 + Level 2.4 Long Blades
 + Level 3.4 Armour
 + Level 0.6 Dodging
 + Level 3.2 Shields


You had 2 spell levels left.
You didn't know any spells.

Dungeon Overview and Level Annotations

Branches:
Dungeon (2/15)

Altars:
Pakellas


Message History

The hobgoblin hits you but does no damage.
The adder barely misses you. The hobgoblin hits you with a club.
* * * LOW HITPOINT WARNING * * *
You block the adder's attack.
Unknown command.
* * * LOW HITPOINT WARNING * * *
You feel sick.
You closely miss the adder.
The adder is severely wounded.
* * * LOW HITPOINT WARNING * * *
You feel sick. You block the adder's attack.
The adder bites you but does no damage.
Your scale mail prevents you from hitting the adder.
The adder is severely wounded.
* * * LOW HITPOINT WARNING * * *
You feel sick. The adder closely misses you.
You miss the adder.
The adder is severely wounded.
The adder closely misses you. The adder bites you.
You die...

..#...†.#+#### #...........##
..#####.#.# ########...........##
#.......#.# #....................
#########.###....................
...............>.................
........#.#......................
...).............................
.......†...................>#....
.........#.#.#..@........####....
########.#.#.#..#S.......# #....
#.#.#.#....###..†.# #....
#.#.#.#.#..#......# #....
....#......#.#.#..# #....
...............#..# #####
.###.#.#.)..#.#.#..##### +
+#........#.(.......
...#####..#.#...#...


You could see an adder.

Vanquished Creatures
  A giant gecko (D:1)
  A ball python (D:2)
  2 giant cockroaches (D:1)
  3 hobgoblins
  2 jackals (D:2)
  5 kobolds
  5 bats
  4 giant newts
  22 rats
45 creatures vanquished.

Vanquished Creatures (others)
  A troll (D:2)
1 creature vanquished.

Grand Total: 46 creatures vanquished

Notes
Turn   | Place    | Note
--------------------------------------------------------------
     0 | D:1      | wargas the Human Fighter began the quest for the Orb.
     0 | D:1      | Reached XP level 1. HP: 18/18 MP: 1/1
   420 | D:1      | Reached XP level 2. HP: 20/24 MP: 2/2
  1019 | D:1      | Reached XP level 3. HP: 29/29 MP: 3/3
  2386 | D:2      | Found an oddly glowing altar of Pakellas.
  2386 | D:2      | Noticed an orange crystal statue
  2387 | D:2      | Noticed a troll
  2413 | D:2      | Killed a troll
  2473 | D:2      | Slain by an adder

Vault maps used:
D:1:      erik_arrival_orb_chamber
D:2:      tso_metal_star, led_sif_pool, gammafunk_pakellas_statue_experiment,
          minmay_bisected

Action                   || total
-------------------------++-------
Melee: Long sword        ||   141
  Use: Potion            ||     1
  Eat: Bread ration      ||     2
